Cogmind - Beta 16 @@@ ROGUE MODE // 2025.12.31 @ 16:39:34 Player: Skergy Result: Destroyed by G-67 Veteran with Field Laser Performance ------------- Evolutions (7) 3500 Regions Visited (12) 2400 Robots Destroyed (35) 175 Value Destroyed (847) 847 Prototype IDs (12) 240 Alien Tech Used (0) 0 Bonus (1554) 1554 TOTAL SCORE: 8716 Bonus ------- Follower Combat Kills 54 Entered Garrisons 200 Used RIF Installer 500 Registered with UFD 300 Met Optimus in HQ 500 Cogmind --------- Core Integrity 0/1300 Matter 300/300 Energy 25/100 System Corruption 2% Temperature Cool (9) Movement Core (50) Location -3/Research Parts ------- > --- POWER (2) -------- (None) > --- PROPULSION (6) --- (None) > --- UTILITY (10) ----- Enhanced Optical Array > --- WEAPON (3) ------- (None) > --- INVENTORY (5) ---- Micro Antimatter Reactor Biometal Leg Overtuned Huge Scrapsphere Peak State ------------ > --- POWER ------------ Makeshift Power Source > --- PROPULSION ------- VTOL Module VTOL Module Field Propulsion Drive Field Propulsion Drive Impulse Thruster > --- UTILITY ---------- Triangulator Enhanced Optical Array Makeshift Sensor Array Signal Interpreter ECM Suite Improved Shield Generator Advanced Hacking Suite Advanced System Restoration Module > --- WEAPON ----------- Powered Hammer Power Sword > --- INVENTORY -------- Advanced VSS Leg Centrium Wheel Railgun Improved Datajack [Rating: 73] Favorites ----------- Power Light Ion Engine Engine Light Ion Engine Power Core Light Nuclear Core Reactor Light Antimatter Reactor Propulsion Aluminum Leg Treads Light Treads Leg Aluminum Leg Wheel Centrium Wheel Flight Unit Xenon Bombardment Thruster Utility Signal Interpreter Device ECM Suite Storage Large Storage Unit Processor Signal Interpreter Hackware Advanced Hacking Suite Protection Layered Light Armor Plating Weapon Battle Rifle Energy Gun Particle Gun Energy Cannon Beam Cannon Ballistic Gun Battle Rifle Ballistic Cannon Battle Cannon Special Weapon Mining Laser Impact Weapon Powered Hammer Slashing Weapon Power Sword Special Melee Weapon Improved Datajack Build | -11 -10 -10 -10 -7 -5 -5 -4 -4 -4 -4 -3 -3 ------- Run | Yrd Mat Min Sub Scr Fac Gar Fac Upp Upp War Pro Res Slots Evolved 14 | . . . . . 10 . 2 . . . . 2 Power 1 | . . . . . . . 1 . . . . . Propulsion 4 | . . . . . 3 . 1 . . . . . Utility 8 | . . . . . 6 . . . . . . 2 Weapon 1 | . . . . . 1 . . . . . . . Parts Attached 82 | 7 5 5 3 6 21 4 1 7 2 . 8 13 Power 10 | 2 . 1 . . 1 1 . 1 . . 2 2 Engine 4 | 2 . . . . . . . 1 . . 1 . Core 4 | . . 1 . . 1 1 . . . . 1 . Reactor 2 | . . . . . . . . . . . . 2 Propulsion 32 | 2 . 2 1 4 7 3 1 . 1 . 4 7 Treads 2 | 2 . . . . . . . . . . . . Leg 6 | . . 2 1 2 . . . . . . 1 . Wheel 2 | . . . . . . . . . . . 1 1 Hover . | . . . . . . . . . . . . . Flight 22 | . . . . 2 7 3 1 . 1 . 2 6 Utility 22 | 1 3 . . . 10 . . 4 1 . . 3 Device 13 | . . . . . 7 . . 3 1 . . 2 Storage 3 | 1 1 . . . 1 . . . . . . . Processor 4 | . 2 . . . 1 . . 1 . . . . Hackware 1 | . . . . . 1 . . . . . . . Protection 1 | . . . . . . . . . . . . 1 Artifact . | . . . . . . . . . . . . . Weapon 18 | 2 2 2 2 2 3 . . 2 . . 2 1 Energy Gun 3 | . . 1 . . 1 . . . . . 1 . Energy Cannon 1 | . 1 . . . . . . . . . . . Ballistic Gun 5 | 2 . 1 1 . . . . . . . 1 . Ballistic Cannon 1 | . . . 1 . . . . . . . . . Launcher . | . . . . . . . . . . . . . Special Weapon 5 | . 1 . . 1 2 . . . . . . 1 Impact Weapon 1 | . . . . . . . . 1 . . . . Slashing Weapon 1 | . . . . . . . . 1 . . . . Piercing Weapon . | . . . . . . . . . . . . . Special Melee Weapon 1 | . . . . 1 . . . . . . . . Unidentified Prototypes 3 | . . . . 1 . . . . . . . 2 Parts Lost 58 | . . 1 3 . 7 8 . 3 2 2 19 13 Power 8 | . . 1 1 . . 1 . . 1 . 3 1 Propulsion 25 | . . . 2 . 3 4 . 1 . 2 6 7 Utility 17 | . . . . . 4 3 . . 1 . 5 4 Weapon 8 | . . . . . . . . 2 . . 5 1 Highest Loss Streak 17 | . . 1 1 . 4 8 . 2 1 2 17 9 To Critical Strikes . | . . . . . . . . . . . . . Average Backups 11 | 2 9 14 14 14 8 6 4 4 4 4 3 . Power . | . 1 2 1 . . . . . . . . . Propulsion 3 | 1 3 5 5 3 . . . 1 2 2 1 . Utility 3 | . 2 5 5 4 2 . . . . . . . Weapon 2 | . 1 2 2 3 2 2 2 1 1 1 . . Tool/Special . | . . . . . . . . . . . . . Unused Backups 16 | . 2 3 1 7 1 . . 1 . . . 1 Power 1 | . . . . 1 . . . . . . . . Propulsion 7 | . 2 2 . 1 1 . . . . . . 1 Utility 4 | . . . 1 2 . . . 1 . . . . Weapon 3 | . . 1 . 2 . . . . . . . . Tool/Special 1 | . . . . 1 . . . . . . . . Average Slot Usage (%) 88 | . 98 94 99 99 76 70 53 63 77 76 48 21 Engine 9 | . 14 3 7 14 3 . . 1 5 5 2 . Core 2 | . . 10 6 . 1 4 5 5 . . 1 . Treads 6 | . 28 13 . . . . . . . . . . Leg 10 | . . 14 28 18 . . . . . . . . Flight 8 | . . . . 9 27 26 23 22 25 23 10 6 Device 3 | . . . . . 15 18 5 11 21 21 13 5 Storage 10 | . 14 14 14 14 5 3 . . . . . . Processor 12 | . 12 14 14 14 9 5 5 6 10 10 7 4 Energy Gun 2 | . . 10 10 . 1 1 5 1 . . . . Energy Cannon 1 | . 3 6 . . . . . . . . . . Ballistic Gun 11 | . 22 6 12 13 2 . . 1 . . . . Ballistic Cannon 2 | . . . 3 5 . . . . . . . . Special Melee Weapon 3 | . . . . 8 1 2 3 1 . . . . Peak Build Rating 73 | 6 8 11 12 23 42 46 37 63 73 66 65 72 Average Rating 19 | 4 7 9 10 15 36 39 33 45 66 63 42 31 On Entrance 27 | . 6 8 11 9 19 39 27 37 58 66 58 17 Avg Prop Armor Cover (%) 17 | . . . . . . . . . . . 23 11 Naked Turns . | . . . . . . . . . . . . . Heaviest Build 31 | 13 30 31 30 28 27 25 11 24 27 20 25 23 Greatest Support 40 | 40 40 40 20 28 25 28 31 31 33 33 26 31 Greatest Overweight (x) 9 | . . 9 2 2 1 . . . . . 6 1 Average Overweight (x) . | . . . 1 . . . . . . . . . Largest Inventory Capacity 15 | 8 15 15 15 15 15 10 5 5 5 5 5 5 Average Capacity 12 | 6 11 15 15 15 10 8 5 5 5 5 5 5 Most Carried 15 | 4 15 15 15 15 13 8 5 5 5 4 5 4 Average Carried 11 | 2 9 14 14 14 7 6 3 4 4 4 3 . Final Capacity 15 | 8 15 15 15 15 10 5 5 5 5 5 5 5 Final Carried 15 | 4 15 15 14 14 8 4 5 5 4 4 . 4 Scrap Suit Usage (%) 4 | . . . . . 90 93 . . . . . . Parts Cannibalized 2 | . . . . . 2 . . . . . . . Class Distribution -------------------- 78% | Mutant 5% | Derelict-Sprinter 4% | Scavenger-Mutant 3% | Scavenger-Sprinter 3% | Derelict-Ninja Dominant Class ---------------- Mutant | -10/Materials Mutant | -10/Mines Mutant | -10/Subcaves Mutant | -7/Scraptown Scavenger-Sprinter | -5/Factory Scavenger-Sprinter | -5/Garrison Scavenger-Sprinter | -4/Factory Derelict-Ninja | -4/Upper Caves Derelict-Sprinter | -4/Upper Caves Derelict-Sprinter | -4/Warlord Mutant | -3/Proximity Caves Mutant | -3/Research Resources | -11 -10 -10 -10 -7 -5 -5 -4 -4 -4 -4 -3 -3 ----------- Run | Yrd Mat Min Sub Scr Fac Gar Fac Upp Upp War Pro Res Matter Collected 1388 | 184 262 130 97 80 22 25 . 419 30 . 50 89 Remotely . | . . . . . . . . . . . . . Salvage Created 1405 | . 334 273 85 . 100 . . 147 57 . 409 . Parts 75 | . 26 27 2 . 9 . . 1 . . 10 . Haulers Intercepted . | . . . . . . . . . . . . . Recyclers Shooed 3 | . 1 2 . . . . . . . . . . Parts Field Recycled . | . . . . . . . . . . . . . Retrieved Matter . | . . . . . . . . . . . . . Parts Self-Destructed 14 | . . . 4 . . . . 3 . . 7 . Prevented . | . . . . . . . . . . . . . Parts Restored . | . . . . . . . . . . . . . Kills | -11 -10 -10 -10 -7 -5 -5 -4 -4 -4 -4 -3 -3 ------- Run | Yrd Mat Min Sub Scr Fac Gar Fac Upp Upp War Pro Res Combat Hostiles Destroyed 30 | . 9 10 2 . 4 . . 3 . . 2 . Melee 3 | . . . . . . . . 2 . . 1 . Guns 20 | . 7 5 2 . 4 . . 1 . . 1 . Cannons 6 | . 2 4 . . . . . . . . . . Classes Destroyed 7 | . 5 1 1 . . . . . . . . . Worker 1 | . . 1 . . . . . . . . . . Recycler 1 | . 1 . . . . . . . . . . . Operator 1 | . 1 . . . . . . . . . . . Watcher 2 | . 2 . . . . . . . . . . . Swarmer 21 | . 6 6 . . 4 . . 3 . . 2 . Grunt 7 | . 3 4 . . . . . . . . . . Subdweller 2 | . . . 2 . . . . . . . . . Packrat 2 | . . . . . . . . 1 1 . . . Best Kill Streak 4 | . 4 3 1 . 4 . . 2 . . 1 . Combat Bots Only 4 | . 3 3 1 . 4 . . 2 . . 1 . Max Kills in Single Turn 1 | . 1 1 1 . 1 . . 1 1 . 1 . Gunslinging . | . . . . . . . . . . . . . Exploded . | . . . . . . . . . . . . . Melee 1 | . . . . . . . . 1 . . 1 . Uniques/NPCs Destroyed . | . . . . . . . . . . . . . Combat | -11 -10 -10 -10 -7 -5 -5 -4 -4 -4 -4 -3 -3 -------- Run | Yrd Mat Min Sub Scr Fac Gar Fac Upp Upp War Pro Res Hostile Shots Fired 695 | . 52 63 33 . 47 71 4 30 28 . 153 214 Missed 287 | . 18 21 12 . 22 29 2 14 18 . 51 100 Hits 408 | . 34 42 21 . 25 42 2 16 10 . 102 114 Projectile 408 | . 34 42 21 . 25 42 2 16 10 . 102 114 AOE 1 | . . . . . 1 . . . . . . . Critical Strikes 5 | . . . . . 1 . . . . . 2 2 Damage Taken 7275 | . 300 458 428 . 483 683 39 229 112 39 2133 2371 Core 2856 | . 35 80 83 . 34 176 16 13 30 . 1083 1306 Absorbed by Shields 321 | . . . . . . 56 . . 40 . 77 148 Regen/Repaired (Parts) 275 | . . . . 211 14 . . . . . . 50 Core Remaining (%) 49 | 100 . . . 20 . 79 . . . . . . Volleys Fired 119 | . 31 38 16 . 13 . 6 13 . . 2 . Largest 2 | . 2 2 2 . 2 . 1 1 . . 1 . Hottest 165 | . 120 125 165 . 105 . 80 25 . . 35 . Shots Fired 190 | . 57 61 33 . 19 . 5 13 . . 2 . Gun 144 | . 41 39 32 . 12 . 5 13 . . 2 . Cannon 36 | . 14 22 . . . . . . . . . . Launcher . | . . . . . . . . . . . . . Special 10 | . 2 . 1 . 7 . . . . . . . Kinetic 106 | . 41 28 16 . 6 . . 13 . . 2 . Thermal 77 | . 16 33 17 . 6 . 5 . . . . . Explosive . | . . . . . . . . . . . . . Electromagnetic . | . . . . . . . . . . . . . Robot Hit Streak 11 | . 6 4 11 . 4 . 4 2 . . 1 . Robot Miss Streak 6 | . 4 6 1 . 3 . 1 2 . . 3 . Penetration Max . | . . . . . . . . . . . . . Secondary Targets 3 | . 1 . . . 2 . . . . . . . Max Gunslinging Chain 1 | . 1 . . . 1 . . . . . . . Shots Hit Robots 139 | . 31 31 29 . 11 2 7 13 1 . 14 . Core Hits 51 | . 19 12 4 . 5 . 1 4 . . 5 1 Critical Kills 2 | . . 2 . . . . . . . . . . Critical Parts Destroyed 1 | . . . . . . . . . . . 1 . Critical Strikes 5 | . . 2 1 . . . 1 . . . 1 . Burn 2 | . . . 1 . . . 1 . . . . . Meltdown 1 | . . 1 . . . . . . . . . . Destroy 1 | . . 1 . . . . . . . . . . Smash 1 | . . . . . . . . . . . 1 . Melee Attacks 36 | . . . . . . 2 3 10 2 . 19 . Impact 17 | . . . . . . . . 10 1 . 6 . Slashing 9 | . . . . . . . . . 1 . 8 . Piercing . | . . . . . . . . . . . . . Sneak Attacks 4 | . . . . . . 2 . 1 1 . . . Combat Hostiles 1 | . . . . . . 1 . . . . . . Follow-up Attacks 3 | . . . . . . . . . . . 3 . Damage Inflicted 2864 | . 422 469 331 . 151 . 115 416 146 . 805 9 Guns 1233 | . 299 223 331 . 151 . 115 90 . . 24 . Cannons 369 | . 123 246 . . . . . . . . . . Explosions . | . . . . . . . . . . . . . Melee 1253 | . . . . . . . . 326 146 . 781 . Ramming 9 | . . . . . . . . . . . . 9 Kinetic 780 | . 299 142 165 . 60 . . 90 . . 24 . Thermal 822 | . 123 327 166 . 91 . 115 . . . . . Explosive . | . . . . . . . . . . . . . Electromagnetic . | . . . . . . . . . . . . . Impact 776 | . . . . . . . . 326 146 . 304 . Slashing 477 | . . . . . . . . . . . 477 . Piercing . | . . . . . . . . . . . . . Highest Corruption 4 | . 4 4 4 . . . . . . . . 2 Average Corruption 3 | . 3 4 4 . . . . . . . . 1 Corruption Purged . | . . . . . . . . . . . . . Corruption Blocked . | . . . . . . . . . . . . . Effects 41 | . 15 17 9 . . . . . . . . . Message Errors 15 | . 7 4 4 . . . . . . . . . Matter Fused 5 | . 2 3 . . . . . . . . . . Heat Flow Errors 3 | . . 1 2 . . . . . . . . . Energy Discharges 5 | . 1 2 2 . . . . . . . . . Data Loss (minor) 11 | . 5 6 . . . . . . . . . . Misfires 2 | . . 1 1 . . . . . . . . . Overload Shots . | . . . . . . . . . . . . . Overflow Damage 474 | . . 10 . . . . . 180 51 . 233 . Projectiles 10 | . . 10 . . . . . . . . . . Explosions . | . . . . . . . . . . . . . Melee 464 | . . . . . . . . 180 51 . 233 . Knockbacks 2 | . . . . . . . . 2 . . . . Impact 2 | . . . . . . . . 2 . . . . Kinetic . | . . . . . . . . . . . . . Secondary . | . . . . . . . . . . . . . Self-Inflicted Damage 4 | . . . . . . . . . . . . 4 Shots . | . . . . . . . . . . . . . Rammed 3 | . . . . . . . . . . . . 3 Targets Rammed 3 | . . . . . . . . . . . . 3 Kicked . | . . . . . . . . . . . . . Crushed . | . . . . . . . . . . . . . Highest Temperature 401 | . 144 401 237 . 201 2 129 . 4 198 . 6 Average Temperature 101 | . 50 153 34 . 107 2 58 . 2 102 . 6 Received Heat Transfer 692 | . 66 147 54 . 27 48 21 . 6 . 54 269 Effects 1 | . . 1 . . . . . . . . . . Short Circuit 1 | . . 1 . . . . . . . . . . Siege Activations . | . . . . . . . . . . . . . Martial Activations . | . . . . . . . . . . . . . Shielding Activations . | . . . . . . . . . . . . . Robots Disrupted . | . . . . . . . . . . . . . Combat Hostiles . | . . . . . . . . . . . . . Robots Corrupted 1 | . . . . . . . . 1 . . . . Combat Hostiles . | . . . . . . . . . . . . . Parts Fried . | . . . . . . . . . . . . . Impact Corruptions 10 | . . . . . . . . 6 1 . 3 . Robots Melted 1 | . . 1 . . . . . . . . . . Combat Hostiles 1 | . . 1 . . . . . . . . . . Parts Melted 3 | . . 1 2 . . . . . . . . . Heat Transferred 1993 | . 259 703 481 . 200 . 350 . . . . . Parts Sabotaged . | . . . . . . . . . . . . . Parts Stolen . | . . . . . . . . . . . . . Parts Stripped . | . . . . . . . . . . . . . Power Chain Reactions . | . . . . . . . . . . . . . Alert | -11 -10 -10 -10 -7 -5 -5 -4 -4 -4 -4 -3 -3 ------- Run | Yrd Mat Min Sub Scr Fac Gar Fac Upp Upp War Pro Res Maximum Alert Level 1 | . . . . . . . . . . . . 1 Low Security (%) 96 | 100 100 100 . . 100 100 100 . . . . 59 Level 1 3 | . . . . . . . . . . . . 40 Level 2 . | . . . . . . . . . . . . . Level 3 . | . . . . . . . . . . . . . Level 4 . | . . . . . . . . . . . . . Level 5 . | . . . . . . . . . . . . . High Security . | . . . . . . . . . . . . . Max Security . | . . . . . . . . . . . . . Peak Influence 290 | . 129 80 . . 60 20 . . . . . 290 Initial 70 | . . 19 . . . 4 . . . . . 70 Average 40 | . 35 24 . . 17 7 . . . . . 166 Influence Increases 1607 | . 315 275 . . 101 45 . 60 30 . 225 556 Destroy 0b10 Robot/C 700 | . 180 200 . . 80 . . 60 . . 40 140 Destroy 0b10 Robot/NC 50 | . 20 5 . . . . . . . . 20 5 Destroy Leader 114 | . 44 40 . . 10 . . . . . . 20 Allied During Kill 10 | . . . . . . . . . . . . 10 Successful Hack 55 | . 26 . . . 11 . . . . . . 18 Disable Machine 60 | . 30 30 . . . . . . . . . . Destroy Structure 18 | . . . . . . . . . . . . 18 Partial Spotted 45 | . . . . . . 15 . . . . . 30 Lose Combat Pursuer 555 | . 15 . . . . 30 . . 30 . 165 315 Influence Decreases 1401 | . 263 323 4 . 94 52 . 60 30 . 120 455 Entered New Map 74 | . . 33 3 . . 3 . . . . . 35 Time Decay 858 | . 263 280 1 . 44 . . 50 20 . 70 130 Search Patrol Dispatched 100 | . . . . . . . . . . . . 100 Lost Part 309 | . . 10 . . 50 49 . 10 10 . 50 130 Lost Ally 60 | . . . . . . . . . . . . 60 Squads Dispatched 10 | . 1 . . . . . 1 . . . . 8 Investigation 6 | . 1 . . . . . . . . . . 5 Extermination 1 | . . . . . . . . . . . . 1 Reinforcement 3 | . . . . . . . 1 . . . . 2 Assault . | . . . . . . . . . . . . . Garrison . | . . . . . . . . . . . . . Intercept . | . . . . . . . . . . . . . Searches Triggered 1 | . . . . . . . . . . . . 1 Construction Impeded 1 | . . . . . . . . . . . . 1 Haulers Reinforced 1 | . . . . . . . . . . . . 1 Active Scanning Responses . | . . . . . . . . . . . . . Cargo Convoy Interrupts . | . . . . . . . . . . . . . Stealth | -11 -10 -10 -10 -7 -5 -5 -4 -4 -4 -4 -3 -3 --------- Run | Yrd Mat Min Sub Scr Fac Gar Fac Upp Upp War Pro Res Distress Signals 2 | . 1 . . . . . . . . . . 1 Communications Jammed . | . . . . . . . . . . . . . Distress Signals . | . . . . . . . . . . . . . Times Spotted 168 | . 19 10 4 . 9 18 6 8 13 . 22 59 Peak Tracking Total 29 | . 5 3 2 . 4 13 5 7 6 . 11 29 Tactical Retreats 20 | . 1 . . . . 2 1 1 5 . 4 6 ECM-based Alert Blocks 27 | . . . . . . 2 4 4 4 . 2 11 Traps | -11 -10 -10 -10 -7 -5 -5 -4 -4 -4 -4 -3 -3 ------- Run | Yrd Mat Min Sub Scr Fac Gar Fac Upp Upp War Pro Res Traps Triggered 8 | . 4 . . . . 2 1 . . 1 . . Indirectly . | . . . . . . . . . . . . . Trap Hack Attempts . | . . . . . . . . . . . . . Triggered . | . . . . . . . . . . . . . Disarmed . | . . . . . . . . . . . . . Reprogrammed . | . . . . . . . . . . . . . Reused . | . . . . . . . . . . . . . Traps Extracted . | . . . . . . . . . . . . . Installed . | . . . . . . . . . . . . . Triggered . | . . . . . . . . . . . . . Machines | -11 -10 -10 -10 -7 -5 -5 -4 -4 -4 -4 -3 -3 ---------- Run | Yrd Mat Min Sub Scr Fac Gar Fac Upp Upp War Pro Res Machines Disabled 4 | . 2 2 . . . . . . . . . . Max in Single Turn 1 | . 1 1 . . . . . . . . . . Machines Repaired . | . . . . . . . . . . . . . Machines Dismantled . | . . . . . . . . . . . . . Machines Sabotaged . | . . . . . . . . . . . . . Overloaded Fab Kills . | . . . . . . . . . . . . . Hacking | -11 -10 -10 -10 -7 -5 -5 -4 -4 -4 -4 -3 -3 --------- Run | Yrd Mat Min Sub Scr Fac Gar Fac Upp Upp War Pro Res Machines Accessed 30 | . 10 . . 8 5 . 1 . . . 1 5 Terminals 13 | . 8 . . . 2 . . . . . 1 2 Fabricators 1 | . . . . . 1 . . . . . . . Repair Stations 1 | . . . . . . . . . . . . 1 Recycling Units 3 | . 2 . . . . . . . . . . 1 Scanalyzers 2 | . . . . . 1 . 1 . . . . . Garrison Access 2 | . . . . . 1 . . . . . . 1 Total Hacks 89 | . 33 . . 25 15 . 5 . . . 1 10 Successful 54 | . 14 . . 25 6 . 4 . . . 1 4 Failed 33 | . 19 . . . 8 . . . . . . 6 Catastrophic 7 | . 3 . . . . . . . . . . 4 Database Lockouts 2 | . . . . . 1 . 1 . . . . . Manual 41 | . 31 . . 1 2 . . . . . 1 6 Terminals 34 | . 25 . . . 3 . . . . . 1 5 Fabricators 2 | . . . . . 2 . . . . . . . Repair Stations 1 | . . . . . . . . . . . . 1 Recycling Units 9 | . 8 . . . . . . . . . . 1 Scanalyzers 11 | . . . . . 6 . 5 . . . . . Garrison Access 7 | . . . . . 4 . . . . . . 3 Terminal Hacks 29 | . 2 . . 25 . . . . . . 1 1 Record 20 | . . . . 18 . . . . . . 1 1 Robot Analysis 7 | . . . . 7 . . . . . . . . Registered Components 1 | . 1 . . . . . . . . . . . Zone Layout 1 | . 1 . . . . . . . . . . . Fabricator Hacks 1 | . . . . . 1 . . . . . . . Network Status 1 | . . . . . 1 . . . . . . . Repair Station Hacks . | . . . . . . . . . . . . . Recycling Unit Hacks . | . . . . . . . . . . . . . Scanalyzer 5 | . . . . . 1 . 4 . . . . . Retrieve Study 5 | . . . . . 1 . 4 . . . . . Garrison Access Hacks 3 | . . . . . 2 . . . . . . 1 Unlock Access 1 | . . . . . 1 . . . . . . . Coupler Status 2 | . . . . . 1 . . . . . . 1 Unauthorized Hacks 16 | . 12 . . . 2 . . . . . . 2 Terminals 10 | . 9 . . . 1 . . . . . . . Track 3 | . 3 . . . . . . . . . . . Botnet 5 | . 4 . . . 1 . . . . . . . Disrupt 1 | . 1 . . . . . . . . . . . Operators 1 | . 1 . . . . . . . . . . . Fabricators . | . . . . . . . . . . . . . Repair Stations 1 | . . . . . . . . . . . . 1 Patch 1 | . . . . . . . . . . . . 1 Recycling Units 4 | . 3 . . . . . . . . . . 1 Reject 2 | . 2 . . . . . . . . . . . Recyclers 1 | . 1 . . . . . . . . . . . Scrapoids 1 | . . . . . . . . . . . . 1 Scanalyzers . | . . . . . . . . . . . . . Garrison Access 1 | . . . . . 1 . . . . . . . Broadcast 1 | . . . . . 1 . . . . . . . Data Cores Recovered . | . . . . . . . . . . . . . Used . | . . . . . . . . . . . . . Hacking Detections 14 | . 9 . . . 2 . . . . . . 3 Full Trace Events 4 | . 1 . . . . . . . . . . 3 Feedback Events . | . . . . . . . . . . . . . Feedback Blocked . | . . . . . . . . . . . . . Robot Schematics Acquired . | . . . . . . . . . . . . . Robots Built . | . . . . . . . . . . . . . Authchips . | . . . . . . . . . . . . . Time . | . . . . . . . . . . . . . Total Robot Build Rating . | . . . . . . . . . . . . . Part Schematics Acquired . | . . . . . . . . . . . . . Parts Built . | . . . . . . . . . . . . . Authchips . | . . . . . . . . . . . . . Time . | . . . . . . . . . . . . . Total Part Build Rating . | . . . . . . . . . . . . . Part Studies Acquired 5 | . . . . . 1 . 4 . . . . . Parts Repaired . | . . . . . . . . . . . . . Time . | . . . . . . . . . . . . . Parts Recycled . | . . . . . . . . . . . . . Recycled Matter . | . . . . . . . . . . . . . Retrieved Matter . | . . . . . . . . . . . . . Retrieved Components . | . . . . . . . . . . . . . Parts Scanalyzed . | . . . . . . . . . . . . . Part Schematics Acquired . | . . . . . . . . . . . . . Parts Damaged . | . . . . . . . . . . . . . Bothacking | -11 -10 -10 -10 -7 -5 -5 -4 -4 -4 -4 -3 -3 ------------ Run | Yrd Mat Min Sub Scr Fac Gar Fac Upp Upp War Pro Res Used RIF Installer 1 | . . . . . . 1 . . . . . . Robots Hacked 5 | . . . . . 2 . 2 . . . 1 . Non-combat 2 | . . . . . . . 2 . . . . . Combat 1 | . . . . . . . . . . . 1 . Robot Hacks Applied 4 | . . . . . . . 3 . . . 1 . parse_system 1 | . . . . . . . . . . . 1 . no_distress 1 | . . . . . . . 1 . . . . . find_recycling 1 | . . . . . . . 1 . . . . . check_alert 1 | . . . . . . . 1 . . . . . Manual 2 | . . . . . 2 . . . . . . . Relay Couplers Released . | . . . . . . . . . . . . . Fabnet Peak Effective % . | . . . . . . . . . . . . . Robots Rewired . | . . . . . . . . . . . . . Allies Hacked . | . . . . . . . . . . . . . Hacks Repelled . | . . . . . . . . . . . . . Allies | -11 -10 -10 -10 -7 -5 -5 -4 -4 -4 -4 -3 -3 -------- Run | Yrd Mat Min Sub Scr Fac Gar Fac Upp Upp War Pro Res Total Allies 5 | . . . . . . . . . . . . 5 Largest Group 5 | . . . . . . . . . . . . 5 Highest-Rated Group 313 | . . . . . . . . . . . . 313 Highest-Rated Ally 64 | . . . . . . . . . . . . 64 Total Orders . | . . . . . . . . . . . . . Ally Attacks 42 | . . . . . . . . . . . . 42 Total Damage 1384 | . . . . . . . . . . . . 1384 Kills 10 | . . . . . . . . . . . . 10 Allies Corrupted . | . . . . . . . . . . . . . Allies Melted . | . . . . . . . . . . . . . Intel | -11 -10 -10 -10 -7 -5 -5 -4 -4 -4 -4 -3 -3 ------- Run | Yrd Mat Min Sub Scr Fac Gar Fac Upp Upp War Pro Res Active Infowar (turns) 1436 | . . . . . 206 47 74 147 312 48 332 270 Optics 1022 | . . . . . . . . 60 312 48 332 270 Sensors 175 | . . . . . 63 . . 43 69 . . . Structural 130 | . . . . . 130 . . . . . . . Seismic 54 | . . . . . 21 33 . . . . . . Machine Analysis 175 | . . . . . 175 . . . . . . . Triangulation 796 | . . . . . . . . 141 246 48 332 29 ECM 585 | . . . . . 1 27 74 139 245 . 89 10 Robot Analysis Total 7 | . . . . 7 . . . . . . . . Derelict Logs Recovered 5 | . . 1 . 1 . . . 2 1 . . . Drone Launches . | . . . . . . . . . . . . . Drone Recoveries . | . . . . . . . . . . . . . Exploration | -11 -10 -10 -10 -7 -5 -5 -4 -4 -4 -4 -3 -3 ------------- Run | Yrd Mat Min Sub Scr Fac Gar Fac Upp Upp War Pro Res Turns Passed 6540 | 99 1146 842 445 2491 209 89 74 183 312 48 332 270 Spaces Moved 5893 | 55 647 398 202 1568 336 244 171 372 536 160 691 513 Core 323 | 3 . 1 . . . . . . . . 166 153 Treads 892 | 52 647 193 . . . . . . . . . . Legs 1529 | . . 204 202 1123 . . . . . . . . Wheels 27 | . . . . . . . . . . . 26 1 Hover . | . . . . . . . . . . . . . Flight 3122 | . . . . 445 336 244 171 372 536 160 499 359 Fastest Speed 24 | 50 160 160 190 120 24 25 27 27 28 28 31 32 Average Speed 96 | 154 160 176 190 156 30 26 27 29 28 29 40 41 Slowest Speed 500 | 160 160 500 260 260 111 34 28 31 31 34 350 125 Overloaded Moves 40 | . . . . . . . . . . . . 40 Propulsion Burnouts . | . . . . . . . . . . . . . Robots Hopped 7 | . . . . . 3 1 1 . . . . 2 Potential Cave-ins . | . . . . . . . . . . . . . Cave-ins Triggered . | . . . . . . . . . . . . . Exploration Rate (%) 47 | 4 96 89 20 91 10 33 5 64 76 18 90 17 Regions Visited 12 Branch Regions 7 Pre-discovered Areas 5 | . . 1 . 2 . . . 1 1 . . . Known Exits Taken 10 | . 1 1 1 1 1 . 1 1 1 1 1 . Unknown Exits Taken 1 | 1 . . . . . . . . . . . . Scrap Searched 17 | . . 1 1 9 . . . 3 3 . . . Spaces Dug . | . . . . . . . . . . . . . Terrain Destroyed 2 | . . . . . . . . . . . 2 . Melee . | . . . . . . . . . . . . . Projectile 2 | . . . . . . . . . . . 2 . AOE . | . . . . . . . . . . . . . Terrain Rammed . | . . . . . . . . . . . . . Walls Destroyed . | . . . . . . . . . . . . . Machines Disabled . | . . . . . . . . . . . . . Actions | -11 -10 -10 -10 -7 -5 -5 -4 -4 -4 -4 -3 -3 --------- Run | Yrd Mat Min Sub Scr Fac Gar Fac Upp Upp War Pro Res Total 6521 | 66 699 488 233 1605 427 266 192 414 691 159 720 561 Wait 278 | 2 . 34 1 . 40 8 7 3 152 . 2 29 Move 5867 | 54 646 397 201 1567 329 241 168 371 535 159 690 509 Hop 7 | . . . . . 3 1 1 . . . . 2 Pick Up 53 | 3 13 6 5 12 5 . 2 4 . . 1 2 Fast Attach 45 | 6 1 3 1 4 4 3 1 4 2 . 4 12 Attach 37 | . . 2 2 3 16 3 1 3 1 . 5 1 Detach 11 | . . . . 1 6 1 . 1 . . . 2 Swap 20 | 1 6 . 2 1 6 . . 3 . . . 1 Drop 39 | . 2 8 5 17 4 1 . 2 . . . . Fire 119 | . 31 38 16 . 13 . 6 13 . . 2 . Melee 32 | . . . . . . 2 3 10 1 . 16 . Ram 3 | . . . . . . . . . . . . 3 Kick . | . . . . . . . . . . . . . Crush . | . . . . . . . . . . . . . Escape Stasis 9 | . . . . . . 6 3 . . . . . Rewire . | . . . . . . . . . . . . . Trap . | . . . . . . . . . . . . . Miscellaneous 1 | . . . . . 1 . . . . . . . Route ------- -11/Scrapyard -10/Materials (discovered 4 exits: *Mat x3 / *Min) -10/Mines (discovered 2 exits: *Mat / *Sub) -10/Subcaves -7/Scraptown (discovered 2 exits: *Fac x2) -5/Factory -5/Garrison (discovered 2 exits: *Fac / *Fac) -4/Factory -4/Upper Caves -4/Upper Caves (discovered 2 exits: *Res / *War) -4/Warlord -3/Proximity Caves -3/Research History --------- Turn | Location | Event 2 | -11/Scrapyard | Met Revision 17 4 | -11/Scrapyard | Discovered new exit (range 15) 100 | -11/Scrapyard | Entered Materials 306 | -10/Materials | Build established: Mutant 372 | -10/Materials | Discovered new exit (range 14) 660 | -10/Materials | Discovered new exit (range 16) 979 | -10/Materials | Discovered new exit (range 9) 1068 | -10/Materials | Discovered new exit (range 16) 1092 | -10/Materials | Identified exit to Materials 1245 | -10/Materials | Identified exit to Mines 1246 | -10/Materials | Entered Mines 1337 | -10/Mines | Discovered exit to Materials (range 12) 2073 | -10/Mines | Discovered new exit (range 4) 2079 | -10/Mines | Identified exit to Subcaves 2088 | -10/Mines | Entered Subcaves 2089 | -10/Subcaves | Approached by a straggling Scientist 2135 | -10/Subcaves | Shifting Twisted Machinery released Flamer 2147 | -10/Subcaves | Shifting Twisted Machinery released Battle Rifle 2229 | -10/Subcaves | Build established: Scavenger-Mutant 2323 | -10/Subcaves | Core integrity fell below 50% 2405 | -10/Subcaves | Scientist uncovered a shortcut to Scraptown 2435 | -10/Subcaves | Shifting Twisted Machinery released Multitool 2445 | -10/Subcaves | Identified exit to Scraptown 2494 | -10/Subcaves | Shifting Twisted Machinery released Flamer 2533 | -10/Subcaves | Entered Scraptown 2533 | -7/Scraptown | System corruption cleaned by C-Scrubber 2536 | -7/Scraptown | Build established: Mutant 2810 | -7/Scraptown | Visited UFD Registry 2810 | -7/Scraptown | Registered with UFD as "Cogcutter" 2838 | -7/Scraptown | Visited Shadow of the Wyrm 2867 | -7/Scraptown | Visited Comm Corps 2949 | -7/Scraptown | Visited Cyclists 2964 | -7/Scraptown | Entered Cyclist Reading Room 2971 | -7/Scraptown | Learned location of Zion (-7) 3208 | -7/Scraptown | Received an X-ray algorithm 3286 | -7/Scraptown | Discovered new exit (range 11) 3353 | -7/Scraptown | Scanned Subdweller tech in exchange for log data 3357 | -7/Scraptown | Learned Factory emergency access door positions 3430 | -7/Scraptown | Visited TADAMA 3451 | -7/Scraptown | Visited Bundlers 3537 | -7/Scraptown | Ran an X-ray algorithm 3637 | -7/Scraptown | Visited CR-KLE's Repair Center 3645 | -7/Scraptown | CR-KLE repaired 4 parts 3673 | -7/Scraptown | Visited Cave Peace 3879 | -7/Scraptown | Visited Junk Repository 3911 | -7/Scraptown | Visited Junk Cannon Lab 3951 | -7/Scraptown | Found Prototype Special Weapon 3951 | -7/Scraptown | Identified Junk Cannon 3981 | -7/Scraptown | Visited Abandonware Association 3989 | -7/Scraptown | Learned abandonware demo "OVRCLOCK.EXE" 3998 | -7/Scraptown | Learned abandonware demo "SHUTEYE.EXE" 4247 | -7/Scraptown | Visited Analyses Database 4290 | -7/Scraptown | Visited Infowarlord's Domain 4396 | -7/Scraptown | Visited Curators Association 4495 | -7/Scraptown | Visited Chapter 10 4573 | -7/Scraptown | Visited LU-1G1's Boring Crew 4851 | -7/Scraptown | Met Optimus 4851 | -7/Scraptown | Accepted into 0bPrime 4992 | -7/Scraptown | Found Scrap Suit 5020 | -7/Scraptown | Discovered new exit (range 3) 5022 | -7/Scraptown | Identified exit to Factory 5024 | -7/Scraptown | Entered Factory 5024 | -5/Factory | Evolved 10 slots: Propulsion x3, Utility x6, Weapon x1 5163 | -5/Factory | Lost 3 parts (1n2u) 5225 | -5/Factory | Central database locked down 5231 | -5/Factory | Identified exit to Garrison 5233 | -5/Factory | Entered Garrison 5245 | -5/Garrison | Lost 4 parts (2n2u) 5253 | -5/Garrison | Triggered checkpoint 5253 | -5/Garrison | Discovered new exit (range 5) 5255 | -5/Garrison | Identified exit to Factory 5275 | -5/Garrison | Triggered checkpoint 5289 | -5/Garrison | Triggered checkpoint 5289 | -5/Garrison | Triggered checkpoint 5313 | -5/Garrison | Triggered checkpoint 5315 | -5/Garrison | Discovered new exit (range 11) 5320 | -5/Garrison | Installed Relay Interface Framework 5322 | -5/Garrison | Identified exit to Factory 5322 | -5/Garrison | Entered Factory 5322 | -4/Factory | Evolved 2 slots: Power x1, Propulsion x1 5347 | -4/Factory | Lost 8 parts (1p4n3u) 5351 | -4/Factory | Discovered new exit (range 5) 5352 | -4/Factory | Identified exit to Upper Caves 5361 | -4/Factory | Central database locked down 5396 | -4/Factory | Entered Upper Caves 5511 | -4/Upper Caves | Learned Research terminal intel 5515 | -4/Upper Caves | Found DCF Scrap (14 items) 5563 | -4/Upper Caves | Learned location of Quarantine (-2) 5564 | -4/Upper Caves | Discovered new exit (range 11) 5567 | -4/Upper Caves | Identified exit to Upper Caves 5579 | -4/Upper Caves | Entered another Upper Caves area 5596 | -4/Upper Caves | Attracted the attention of an 0b10 checkpoint 5610 | -4/Upper Caves | Found DCF Scrap (14 items) 5651 | -4/Upper Caves | Discovered new exit (range 21) 5655 | -4/Upper Caves | Identified exit to Research 5885 | -4/Upper Caves | Discovered new exit (range 12) 5891 | -4/Upper Caves | Identified exit to Warlord 5891 | -4/Upper Caves | Entered Warlord 5909 | -4/Warlord | Discovered new exit (range 14) 5912 | -4/Warlord | Identified exit to Proximity Caves 5922 | -4/Warlord | RIF detected upon attempting to enter Warlord's base 5922 | -4/Warlord | Attacked by Warlord forces 5939 | -4/Warlord | Entered Proximity Caves 5959 | -3/Proximity Caves | Ran an X-ray algorithm 6165 | -3/Proximity Caves | Core integrity fell below 50% 6213 | -3/Proximity Caves | Lost 17 parts (3p5n5u4w) 6239 | -3/Proximity Caves | Attracted the attention of an 0b10 checkpoint 6239 | -3/Proximity Caves | Core integrity fell below 20% 6261 | -3/Proximity Caves | Discovered exit to Research (range 21) 6271 | -3/Proximity Caves | Entered Research 6271 | -3/Research | Evolved 2 slots: Utility x2 6272 | -3/Research | Loaded intel: 23 terminal locations 6356 | -3/Research | Lost 3 parts (2n1u) 6392 | -3/Research | Scrapoids reinforcements arrived? 6431 | -3/Research | Found Prototype Device 6431 | -3/Research | Identified Exp. Shield Generator 6501 | -3/Research | Core integrity fell below 50% 6521 | -3/Research | Search patrols dispatched 6540 | -3/Research | Core integrity fell below 20% 6541 | -3/Research | Destroyed by G-67 Veteran with Field Laser Last Messages --------------- 06511_ P-80 Master resets S-43 Plague, system corruption cleaned. 06521_ ALERT: Heightened foreign activity detected, multiple search patrols dispatched. [Achievement: Suspicious] 06525_ Penetrated by Slug. 06526_ Connecting with Terminal... 06526_ ALERT: Suspicious activity at Terminal R006. Dispatching Investigation squad. 06527_ ALERT: Cargo convoy en route, clear transfer corridor. 06531_ Lyr. Light Armor Plating destroyed. 06531_ Q-thruster destroyed. 06531_ Adv. ECM Suite destroyed. 06533_ M-36 Artificer repairs S-43 Plague. 06534_ Lgt. Antimatter Reactor destroyed. 06535_ Exp. Shield Generator destroyed. 06536_ S-43 Plague destroyed. 06537_ Acquired Xenon Bombardment Thruster. 06537_ Impulse Thruster Array destroyed. 06537_ Xenon Bombardment Thruster destroyed. 06539_ M-36 Artificer repairs U-05 Engineer Welding Torch. Map ----- +----------------------------------------------------+ | # """ """ #?????????# #######"######??????????? | | + """ """ #?????????# #??????????????? | | # #?????????####### #??????????????? | | / #???????????????# #??????????????? | | # "" "" #???????????????# +??????????????? | | # ""R"" #???????????????# #?????????????#? | | # """" #???????????????# #??????????? #? | | # #???????????????# ########## #? | | # #???????????????# #? | | ##############???????????????# #? | | #????????????????????????????# #? | | #????????????????????????????# #? | | ##################?#?????????# #### ##########? | | # !!! #??/????????# #??? #?????????? | | # !!! #??# ???????# #????#?????????? | | """ # !!! ##?# ??????# ####+##????????? | | ""T"" # #?# ?????# # ????????? | | "" "" # #??? ?????# + ?????#?? | | # #???? ????# # """"?? #?? | | # ?????? ???# # """"" ]#?? | | #?? ????????? ??# w # """"" #?? | | #####+######+#############+### # #?? | | Ypuss Y ss s # #?? | | km s s % sgg # """"" [#?? | | p Rg + """"" #?? | | @ # """"" ???? | | #####+######+################# # ?????? | | ?????????? ??????????????# #?? ???????? | | ????????# ????????????# #####+########## | | ????????# !! #???????????# ^^ | | ????????# !] #???????????# | | ????????#* #???????????# | | ????????# #???????????# | | ????????# #???????????###########/######### | | ????????# #?????????????????# #???? | | ????????#= #????????????????## #???? | | #####???##########????????????????# #???? | | #?????????????????????????????## #???? | | #??????????????????????????????# #???? | | #??????????????????????????????# #???? | | #??????????????????????????????# ""T"" #???? | | #??????????????????????????????# """"" #???? | | #??????????????????????????????###########???? | | #####????????????????????????????????????????????? | | ?????????????????????????????????????????????????? | | ?????????????????????????????????????????????????? | | ?????????????????????????????????????????????????? | | ?????????????????????????????????????????????????? | | ?????????????????????????????????????????????????? | | ?????????????????????????????????????????????????? | +----------------------------------------------------+ Best States ------------- Heat Dissipation 46 Energy Generation 25 Energy Capacity 250 Matter Stores 300 Matter Capacity 300 Sight Range 22 Robot Scan Range 19 Terrain Scan Density 10 ECM Strength 2 Power Amplification 20 Armor Coverage 150 Evasion (%) 75 Targeting Accuracy 5 Recoil Reduction 2 Offensive Hacking 14 Item Schematics ----------------- None Robot Schematics ------------------ None Fabricated ------------ Nothing Repaired ---------- Nothing Studied --------- VTOL Module | -5/Factory | Hacked Field Propulsion Drive | -4/Factory | Hacked Imp. Datajack | -4/Factory | Hacked Imp. Remote Datajack | -4/Factory | Hacked Lgt. Nuclear Core | -4/Factory | Hacked Alien Tech Used ----------------- None Achievements -------------- Suspicious Tune-up You Again Challenges ------------ None Game ------ Seed SwarmCoolingActivator Manual? 0 Play Time 02:00:09 Cumulative 97.0 hours Start 2025.12.31 @ 14:20:06 End 2025.12.31 @ 16:39:34 Sessions 1 Manual Loads 0 Difficulty Rogue Special Mode None Game No. 111 Rogue 111 Adventurer 0 Explorer 0 Win Type - Total 3 Types 3/0/0/0/0/0/0/0/0/0 Lore% 60 Gallery% 48 Achievement% 34 Wizard Run 0 Options --------- Layout 0 ASCII 0 Keyboard 1 Movement Numpad Keybinds 0 Fullscreen 1 Font 24/Terminus Map View 76x50 Zoom Use 0% Tactical HUD 1 Map Filters NONE Filters NONE Steam 1 RUN: 8d1aa0cd-707c-409d-861f-f2dea80ab904